 Dungeon Crawl Stone Soup version 0.31-a0-210-gccc998df9b (webtiles) character file.

Game seed: 12225324622877448526

933 qw the Skirmisher (level 7, -4/61 HPs)
             Began as a Minotaur Hexslinger on June 30, 2023.
             Slain by a two-headed ogre
             ... wielding a +0 dire flail
              (12 damage)
             ... on level 7 of the Dungeon.
             The game lasted 00:01:34 (3432 turns).

qw the Skirmisher (Minotaur Hexslinger)             Turns: 3432, Time: 00:01:34

Health: -4/61      AC:  4    Str: 19    XL:     7   Next: 86%
Magic:  7/7        EV: 14    Int: 10    God:
Gold:   235        SH:  0    Dex: 18    Spells: 7/8 levels left

rFire   . . .        Y - +1 sling
rCold   + . .        (no shield)
rNeg    . . .        h - +2 leather armour {rC+}
rPois   +            (helmet restricted)
rElec   .            f - +0 cloak
rCorr   .            (no gloves)
SInv    .            (no boots)
Will    .....        d - amulet of regeneration
Stlth   +            e - ring of Jata {rPois Str+6 Dex+6}
HPRegen 1.10/turn    (no ring)
MPRegen 0.10/turn

%: no passive effects
@: no status effects
A: horns 2, retaliatory headbutt, talons 1, clumsy 1, deformed body
a: no special abilities


You were on level 7 of the Dungeon.
You visited 1 branch of the dungeon, and saw 6 of its levels.

You collected 235 gold pieces.


Innate Abilities, Weirdness & Mutations

You have a pair of horns on your head.
You reflexively headbutt those who attack you in melee.
You have sharp toenails.
You are clumsy. (Dex -2)
Armour fits poorly on your strangely shaped body.


   Skills:
 + Level 5.2 Fighting
 - Level 13.9 Ranged Weapons
 - Level 1.1 Armour
 - Level 4.2 Dodging
 - Level 1.0 Spellcasting
 - Level 2.0 Hexes


You had 7 spell levels left.
You knew the following spells:

 Your Spells              Type           Power      Damage    Failure   Level
a - Slow                  Hex            16%        N/A       19%         1

Your spell library contained the following spells:

 Spells                   Type           Power      Damage    Failure   Level
 Inner Flame              Hex/Fire       2%         N/A       63%         3
 Portal Projectile        Hex/Tloc       4%         N/A       63%         3
 Cause Fear               Hex            2%         N/A       87%         4

Inventory:

Hand Weapons
 Y - a +1 sling (weapon)
Armour
 f - a +0 cloak (worn)
 h - a +2 leather armour of cold resistance (worn)
Jewellery
 d - an amulet of regeneration (around neck)
 e - the ring of Jata (left hand) {rPois Str+6 Dex+6}
   (You found it on level 2 of the Dungeon)

   [ring of dexterity]

   Str:       It affects your strength (+6).
   Dex:       It affects your dexterity (+6).
   rPois:     It protects you from poison.
Scrolls
 a - a scroll of identify
 b - a scroll of immolation {unknown}
Potions
 c - 2 potions of mutation
 i - a potion of enlightenment {unknown}
 j - a potion of curing {unknown}
 k - a potion of brilliance {unknown}
 l - a potion of ambrosia {unknown}

Dungeon Overview and Level Annotations

Branches:
Dungeon (5/15)
 Temple: D:4-7

Altars:
Dithmenos
Elyvilon
Yredelemnul
The Shining One

Shops:
D:2 [


Message History

The two-headed ogre closely misses you. Something hits you.
The wyvern misses you. You furiously retaliate!
You headbutt the wyvern!
You kill the wyvern!
Your Dodging skill increases to level 4!
You shoot a sling bullet.
The sling bullet hits the two-headed ogre.
The two-headed ogre is lightly wounded.
Something hits you but does no damage.
You shoot a sling bullet.
The sling bullet barely misses the two-headed ogre.
The two-headed ogre hits you with a +0 dire flail!
The two-headed ogre hits you with a +0 giant club!
3427 ||| DRINKING potion of heal wounds.
You feel much better. Something hits you.
You shoot a sling bullet.
The sling bullet barely misses the two-headed ogre.
The two-headed ogre hits you with a +0 dire flail!
The two-headed ogre closely misses you.
You hear some strange, mumbled words.
A puff of flame appears from out of thin air!
The puff of flame hits you.
You shoot a sling bullet.
The sling bullet closely misses the two-headed ogre.
Something hits you but does no damage.
You shoot a sling bullet.
The sling bullet barely misses the two-headed ogre.
The two-headed ogre hits you with a +0 dire flail.
The two-headed ogre closely misses you.
You hear some strange, mumbled words.
A magic dart appears from out of thin air!
The magic dart hits you.
You shoot a sling bullet.
The sling bullet barely misses the two-headed ogre.
You shoot a sling bullet.
The sling bullet hits the two-headed ogre but does no damage.
The two-headed ogre is lightly wounded.
The two-headed ogre hits you with a +0 dire flail!
The two-headed ogre hits you with a +0 giant club!
You die...

#################
#....##...##....#
#..............#
#..............#
#..@................
#.%O{...............
#..)......##...##...
#..).##...##...# ..
#....##....#...# #
..).).#....#...#
##.....#....+....
#.....#


You could see a two-headed ogre.

Vanquished Creatures
  A wyvern (D:7)
  2 black bears (D:5)
  2 ogres (D:5)
  A bullfrog (D:5)
  A hound (D:4)
  An iguana (D:5)
  An orc wizard (D:5)
  6 adders
  4 worms
  2 dart slugs (D:1)
  9 orcs
  13 ball pythons
  4 endoplasms
  3 giant cockroaches
  14 goblins
  11 hobgoblins
  7 kobolds
  4 quokkas
  5 bats
  4 frilled lizards
  7 rats
102 creatures vanquished.

Notes
Turn   | Place    | Note
-------+----------+-------------------------------------------
     0 | D:1      | qw the Minotaur Hexslinger began the quest for the Orb.
     0 | D:1      | Reached XP level 1. HP: 16/16 MP: 1/1
     0 | D:1      | 0 ||| qw: Version: 0.3-a-26-gee661ec
     0 | D:1      | 0 ||| qw: Game counter: 7316
     0 | D:1      | 0 ||| qw: Melee chars always use a shield: true
     0 | D:1      | 0 ||| qw: God list: Okawaru
     0 | D:1      | 0 ||| qw: Allow faded altars: false
     0 | D:1      | 0 ||| qw: Do Orc after clearing Dungeon:15 true
     0 | D:1      | 0 ||| qw: Do second Lair branch before Depths: true
     0 | D:1      | 0 ||| qw: Lair rune preference: random
     0 | D:1      | 0 ||| qw: Goals: Normal
     0 | D:1      | 0 ||| PLANNING D:1-11
   125 | D:1      | 125 ||| FLEEEEING.
   126 | D:1      | 126 ||| FLEEEEING.
   127 | D:1      | 127 ||| FLEEEEING.
   172 | D:1      | Reached skill level 3 in Ranged Weapons
   172 | D:1      | Reached XP level 2. HP: 23/23 MP: 2/2
   398 | D:1      | HP: 5/24 [hobgoblin (3)]
   433 | D:1      | 433 ||| FLEEEEING.
   434 | D:1      | 434 ||| FLEEEEING.
   435 | D:1      | 435 ||| FLEEEEING.
   441 | D:1      | 441 ||| FLEEEEING.
   442 | D:1      | 442 ||| FLEEEEING.
   443 | D:1      | 443 ||| FLEEEEING.
   445 | D:1      | 445 ||| FLEEEEING.
   446 | D:1      | 446 ||| FLEEEEING.
   447 | D:1      | 447 ||| FLEEEEING.
   448 | D:1      | 448 ||| FLEEEEING.
   449 | D:1      | 449 ||| FLEEEEING.
   450 | D:1      | 450 ||| FLEEEEING.
   451 | D:1      | 451 ||| FLEEEEING.
   452 | D:1      | 452 ||| FLEEEEING.
   455 | D:1      | 455 ||| FLEEEEING.
   456 | D:1      | 456 ||| FLEEEEING.
   457 | D:1      | 457 ||| FLEEEEING.
   458 | D:1      | 458 ||| FLEEEEING.
   464 | D:1      | 464 ||| FLEEEEING.
   465 | D:1      | 465 ||| FLEEEEING.
   466 | D:1      | 466 ||| FLEEEEING.
   467 | D:1      | 467 ||| FLEEEEING.
   648 | D:1      | Reached XP level 3. HP: 29/29 MP: 3/3
   873 | D:1      | 873 ||| UPGRADING to +0 ring mail.
   883 | D:1      | 883 ||| DROPPING +0 robe.
   884 | D:1      | 884 ||| UPGRADING to +0 cloak.
   889 | D:1      | 889 ||| UPGRADING to +2 leather armour of cold resistance.
   899 | D:1      | 899 ||| DROPPING +0 ring mail.
   900 | D:1      | 900 ||| READING 3 scrolls labelled LIFI ECZENIPS.
   901 | D:1      | 901 ||| DROPPING 2 scrolls of noise.
   902 | D:1      | 902 ||| DROPPING scroll of poison.
  1047 | D:2      | Reached skill level 4 in Ranged Weapons
  1150 | D:2      | Reached XP level 4. HP: 34/36 MP: 4/4
  1171 | D:2      | Found Ohuutysh's Antique Armour Boutique.
  1176 | D:2      | 1176 ||| SHOPLISTING runed ring mail (140 gold, have 56).
  1176 | D:2      | 1176 ||| SHOPLISTING twisted robe (114 gold, have 56).
  1296 | D:2      | Identified the ring of Jata {rPois Str+6 Dex+6}
  1437 | D:2      | 1437 ||| UPGRADING to ring of Jata {rPois Str+6 Dex+6}.
  1438 | D:2      | 1438 ||| READING 2 scrolls labelled YRCHOU DIEPHAOQ.
  1439 | D:2      | 1439 ||| READING scroll labelled MALOERUST ZEEC.
  1690 | D:3      | Reached skill level 5 in Ranged Weapons
  1837 | D:3      | Reached skill level 3 in Fighting
  1957 | D:3      | Found a glowing golden altar of the Shining One.
  2173 | D:3      | Reached XP level 5. HP: 45/45 MP: 5/5
  2329 | D:3      | 2329 ||| READING scroll labelled JEFE HE ING.
  2330 | D:3      | 2330 ||| DRINKING 2 smoky yellow potions.
  2330 | D:3      | Gained mutation: Armour fits poorly on your strangely
                  | shaped body. [potion of mutation]
  2330 | D:3      | Gained mutation: You are clumsy. (Dex -2) [potion of
                  | mutation]
  2330 | D:3      | Gained mutation: You have sharp toenails. [potion of
                  | mutation]
  2331 | D:3      | 2331 ||| DRINKING 2 lumpy amethyst potions.
  2332 | D:3      | 2332 ||| READING 2 scrolls of identify.
  2332 | D:3      | 2332 ||| IDENTIFYING sedimented purple potion
  2333 | D:3      | 2333 ||| DRINKING potion of experience.
  2333 | D:3      | Reached skill level 13 in Ranged Weapons
  2333 | D:3      | Reached XP level 6. HP: 51/51 MP: 6/6
  2334 | D:3      | 2334 ||| DROPPING potion of invisibility.
  2736 | D:4      | Reached skill level 1 in Armour
  2924 | D:4      | 2924 ||| UPGRADING to amulet of regeneration.
  2929 | D:4      | 2929 ||| READING scroll labelled QULOEDDUEPNOK.
  2930 | D:4      | 2930 ||| READING 2 scrolls of identify.
  2930 | D:4      | 2930 ||| IDENTIFYING fizzy emerald potion
  2948 | D:5      | Entered Level 5 of the Dungeon
  3010 | D:5      | Found a white marble altar of Elyvilon.
  3152 | D:5      | Reached XP level 7. HP: 59/59 MP: 7/7
  3198 | D:5      | Reached skill level 3 in Dodging
  3236 | D:5      | Found a basalt altar of Yredelemnul.
  3359 | D:5      | Found a shadowy altar of Dithmenos.
  3396 | D:5      | You fall into a shaft and drop 2 floors!
  3402 | D:7      | 3402 ||| PLANNING OSSUARY
  3412 | D:7      | Noticed a wyvern
  3413 | D:7      | Noticed a two-headed ogre
  3424 | D:7      | Killed a wyvern
  3426 | D:7      | HP: 15/61 [two-headed ogre/+0 dire flail (16)]
  3427 | D:7      | 3427 ||| DRINKING potion of heal wounds.
  3432 | D:7      | HP: 8/61 [two-headed ogre/+0 dire flail (15)]
  3432 | D:7      | Slain by a two-headed ogre

Levels and vault maps discovered:
D:1:      giann_wishing_wells, layout_basic
D:2:      layout_basic, serial_shops, nicolae_shop_hallway_plus
D:3:      layout_loops_corners, tso_oasis_becter, minmay_mini_jars
D:4:      layout_loops_ring
D:5:      layout_loops_cross, lemuel_doored_altar,
          mainiacjoe_overflow_six_doors_small, yredelemnul_altar_generic,
          nicolae_elyvilon_temple_path, serial_shops, shop
D:7:      layout_gridville, pdpol_wu_jian_five_deadly_venoms, zin_treasury,
          lemuel_tele_altar, mainiacjoe_overflow_small_starburst,
          lemuel_temple_firewalk_a, enter_ossuary_1, minmay_crystal_water

Skill      XL: |  1  2  3  4  5  6  7 |
---------------+----------------------+-----
Ranged Weapons | 3 4 5 13 | 13.9
Fighting       | 2 3 4 5 |  5.2
Armour         | 1 |  1.1
Dodging        | 4 |  4.2
Spellcasting   | |  1.0
Hexes          | |  2.0

Action                     |  1- 3 |  4- 6 |  7- 9 || total
---------------------------+-------+-------+-------++-------
   Fire: Sling             |   139 |   146 |    56 ||   341
    Use: Scroll            |     1 |     6 |       ||     7
         Potion            |       |     3 |     1 ||     4
 Armour: Robe              |     9 |       |       ||     9
         Leather armour    |    10 |    14 |    10 ||    34
  Dodge: Dodged            |    38 |    23 |    17 ||    78

Table legend:
 A = Non-vault XP
 B = Vault XP
 C = Vault XP percentage of total XP
 D = Non-vault monster count
 E = Vault monster count
 F = Vault count percentage of total count
                 A         B        C        D         E       F
            +---------+---------+-------+---------+---------+-------
      Total |    1108 |      42 |   3.7 |      93 |       9 |   8.8
            +---------+---------+-------+---------+---------+-------
        D:1 |      46 |       0 |   0.0 |      25 |       0 |   0.0
        D:2 |      64 |       0 |   0.0 |      24 |       0 |   0.0
        D:3 |      44 |      42 |  48.8 |      17 |       9 |  34.6
        D:4 |      68 |       0 |   0.0 |      11 |       0 |   0.0
        D:5 |     673 |       0 |   0.0 |      11 |       0 |   0.0
        D:7 |     213 |       0 |   0.0 |       5 |       0 |   0.0
            +---------+---------+-------+---------+---------+-------
